 Dungeon Crawl Stone Soup version 0.23.1 (webtiles) character file.

Game seed: 11600795424255426840

34 Revguard the Sneak (level 3, 0/18 HPs)
             Began as a Vine Stalker Assassin on Mar 5, 2019.
             Slain by an ice beast (10 damage)
             ... on level 2 of the Dungeon.
             The game lasted 00:06:11 (1154 turns).

Revguard the Sneak (Vine Stalker Assassin)          Turns: 1154, Time: 00:06:12

Health: 0/18       AC:  3    Str: 13    XL:     3   Next: 31%
Magic:  0/4        EV: 12    Int: 11    God:
Gold:   66         SH:  0    Dex: 16    Spells: 2/2 levels left

rFire    . . .     SeeInvis .   a - +2 dagger
rCold    . . .     Gourm    .   (no shield)
rNeg     . . .     Faith    .   c - +0 robe
rPois    .         Spirit   +   (no helmet)
rElec    .         Reflect  .   d - +0 cloak
rCorr    .         Harm     .   (no gloves)
MR       .....                  (no boots)
Stlth    +++.......             (no amulet)
HPRegen  0.06/turn              k - ring of wizardry
MPRegen  0.09/turn              (no ring)

@: no status effects
A: fangs 2, magic shield, antimagic bite, no potion heal 3, rot immunity
a: no special abilities


You were on level 2 of the Dungeon.
You were not hungry.

You visited 1 branch of the dungeon, and saw 2 of its levels.

You collected 66 gold pieces.

Inventory:

Hand Weapons
 a - a +2 dagger (weapon)
 b - a +0 blowgun
Missiles
 e - 8 poisoned needles
Armour
 c - a +0 robe (worn)
 d - a +0 cloak (worn)
Jewellery
 k - a ring of wizardry (left hand)
Wands
 q - a wand of enslavement (11)
Scrolls
 h - a scroll of teleportation
 p - a scroll of enchant weapon {unknown}
Potions
 l - a potion of flight
Comestibles
 g - 5 rations


   Skills:
 + Level 1.9 Fighting
 + Level 1.9 Short Blades
 - Level 1.7 Throwing
 + Level 1.0 Dodging
 + Level 6.0 Stealth


You had 2 spell levels left.
You didn't know any spells.
Your spell library was empty.

Dungeon Overview and Level Annotations

Branches:
Dungeon (2/15)

Altars:
Kikubaaqudgha


Innate Abilities, Weirdness & Mutations

You have extremely sharp teeth.
When hurt, damage is shared between your health and your magic reserves.
Your bite disrupts and absorbs the magic of your enemies.
Potions cannot restore your health.
You are immune to rotting.


Message History

b - a +0 blowgun (weapon)
You see here a +0 club.
Quiver which item? (- for none, * to show all) (? for menu, Esc to quit)
Quivering
f - 2 curare-tipped needles for blowguns.
Firing (i - inventory. (/) - cycle)
f - 2 curare-tipped needles (quivered)
Press: ? - help, Shift-Dir - straight line, f - ice beast
Aim: an ice beast You shoot a curare-tipped needle.
The curare-tipped needle hits the ice beast.
Firing (i - inventory. (/) - cycle)
f - a curare-tipped needle (quivered)
Press: ? - help, Shift-Dir - straight line, f/p - ice beast
Aim: an ice beast You shoot a curare-tipped needle.
The curare-tipped needle hits the ice beast.
The ice beast closely misses you.
Wield which item (- for none, * to show all)? (? for menu, Esc to quit)
a - a +2 dagger (weapon)
The ice beast hits you. The ice beast freezes you!
Ouch! That really hurt!
You die...

._.....⌠.#
.≈....≈..#
..≈≈≈≈≈...
###
#...≈≈≈≈..
#..
#..≈≈≈≈..#
#.#
...≈≈≈≈..#
#.#
.⌠).≈.....
#.#
.......##.
#@#
....####<.
##Y## +...
#.. #...#
#.[ ##..
#.#.# ..
#...
##.#.## #
#...
#..#..#
#.###...
##.###.##
#....###
#..#
#..###
####.###
#.).##
##...####
#)...


You could see an ice beast.

Vanquished Creatures
  An adder (D:2)
  An ooze (D:1)
  A giant cockroach (D:1)
  A goblin (D:1)
  4 hobgoblins
  5 kobolds
  4 bats
  2 frilled lizards (D:1)
  5 rats
24 creatures vanquished.

Notes
Turn   | Place    | Note
-------+----------+-------------------------------------------
     0 | D:1      | Revguard the Vine Stalker Assassin began the quest for the
                  | Orb.
     0 | D:1      | Reached XP level 1. HP: 11/11 MP: 2/2
    22 | D:1      | Reached skill level 5 in Stealth
   325 | D:1      | Reached XP level 2. HP: 15/15 MP: 3/3
   475 | D:1      | Reached skill level 1 in Dodging
   887 | D:2      | Found an ancient bone altar of Kikubaaqudgha.
   902 | D:2      | Reached skill level 6 in Stealth
   902 | D:2      | Reached XP level 3. HP: 10/18 MP: 4/4
  1139 | D:2      | Noticed an ice beast
  1154 | D:2      | Slain by an ice beast

Skill      XL: |  1  2 |
---------------+-------+-----
Stealth        | 5 6 |  6.0
Dodging        | 1 |  1.0
Fighting       | |  1.9
Short Blades   | |  1.9
Throwing       | |  1.7

Action                   || total
-------------------------++-------
Melee: Dagger            ||    61
       Bite              ||    10
 Fire: Blowgun           ||     2
  Use: Potion            ||     6
       Scroll            ||     3
 Stab: Sleeping          ||    13
  Eat: Chunk             ||     1
Armor: Robe              ||     9
Dodge: Dodged            ||    28
